 Dungeon Sprint DCSS version 0.21.1-1-g345015f (webtiles) character file.

11700000 Fang the Axe Maniac (level 27, -66/273 HPs)
             Began as a Minotaur Gladiator on May 4, 2018.
             Was the Champion of Makhleb.
             Annihilated by a meat berserker
             ... wielding a +9 battleaxe
              (75 damage)
             ... in the Dungeon (Sprint VIII: "Arena of Blood").
             The game lasted 00:01:33 (117 turns).

Fang the Axe Maniac (Minotaur Gladiator)             Turns: 117, Time: 00:01:34

Health: -66/273    AC:  6    Str: 29    XL:     27
Magic:  40/53      EV: 32    Int:  5    God:    Makhleb [******]
Gold:   0          SH:  0    Dex: 15    Spells: 80/80 levels left

rFire    . . .     SeeInvis .   l - +∞ Axe of Woe
rCold    . . .     Gourm    .   (shield currently unavailable)
rNeg     . . .     Faith    .   b - +0 leather armour
rPois    .         Spirit   .   c - +0 hat
rElec    .         Reflect  .   (no cloak)
rCorr    .         Harm     .   (no gloves)
MR       ++...     NoTele   +   (no boots)
Stlth    +++++++++.             (no amulet)
HPRegen  0.55/turn              (no ring)
MPRegen  0.33/turn              (no ring)

@: lethally poisoned (-66 -> -210)
A: retaliatory headbutt, horns 2
a: Minor Destruction, Lesser Servant of Makhleb, Major Destruction, Greater
Servant of Makhleb, Renounce Religion


You were in the Dungeon.
You worshipped Makhleb.
Makhleb was exalted by your worship.
You were not hungry.

You visited 1 branch

Inventory:

Hand Weapons
 a - a +0 war axe
 l - the +∞ Axe of Woe (weapon)
   (You found it in the Dungeon)
Missiles
 d - 3 throwing nets (quivered)
Armour
 b - a +0 leather armour (worn)
 c - a +0 hat (worn)
Jewellery
 m - a +30 ring of slaying
Scrolls
 k - a scroll of blinking
Potions
 e - a potion of curing
 h - a potion of haste
 i - 2 potions of magic
 j - a potion of berserk rage
Comestibles
 f - a ration


   Skills:
 O Level 27 Fighting
 O Level 27 Axes
 O Level 27 Throwing
 O Level 27 Armour
 O Level 27 Dodging
 O Level 27 Stealth
 O Level 27 Unarmed Combat
 O Level 27 Spellcasting
 O Level 27 Invocations


You had 80 spell levels left.
You didn't know any spells.

Dungeon Overview and Level Annotations

Branches:
Dungeon (1/1)

Altars:
Makhleb


Innate Abilities, Weirdness & Mutations

You reflexively headbutt those who attack you in melee.
You have a pair of horns on your head.


Message History

The scourge convulses!
The meat berserker convulses!
You are too injured to fight recklessly!
You are engulfed in poison gas.
You are more poisoned.
* * * LOW HITPOINT WARNING * * *
x2 You feel extremely sick.
You hear a shout! x3
The eight-headed meat hydra calls on the powers of darkness!
The eight-headed meat hydra convulses!
The meat berserker convulses! x2
Your body is wracked with pain!
* * * LOW HITPOINT WARNING * * *
The scourge convulses!
You hear a shout! x4
The eight-headed meat hydra calls on the powers of darkness!
The eight-headed meat hydra convulses!
The scourge convulses!
Your body is wracked with pain!
* * * LOW HITPOINT WARNING * * *
The meat berserker convulses!
The meat berserker hits you with a +9 battleaxe!!!!
You die...

.......#.#....... .....
...............####.....
........................
.....................S#.
......)))).)))).........
......).)))).)§§.§....#D
..#...))))#))S§§§§......
#...).))#.)))§§§....##
###....V).###.)§@§......
.....###.......).O...###
......_.).......).......
...#)....#.......#.#....
...#_)<._#.D............
. #)....#......#.#o#...
....._..O........... ..
.....###.........#.#.# .
###... ...###... ....


You could see 2 eight-headed meat hydras, 2 scourges, 2 meat berserkers and a
bag of meat.

Vanquished Creatures
  4 hell beasts (D)
  2 greater mummies (D)
  7 great orbs of eyes (D)
  4 wraiths (D)
  17 vampire knights (D)
  20 ogres (D)
  A two-headed ogre (D)
  5 liches (D)
  3 hydras (D)
  50 orcs (D)
  2 phantoms (D)
  3 skeletal warriors (D)
  A sea snake (D)
  3 large abominations (D)
  4 small abominations (D)
  6 crawling corpses (D)
132 creatures vanquished.

Vanquished Creatures (others)
  A crawling corpse (D)
1 creature vanquished.

Grand Total: 133 creatures vanquished

Notes
Turn   | Place    | Note
-------+----------+-------------------------------------------
     0 | D        | Found the +∞ Axe of Woe
     0 | D        | Fang the Minotaur Gladiator began the quest for the Orb.
     0 | D        | Reached XP level 1. HP: 18/18 MP: 0/0
     2 | D        | Noticed a meat berserker
     3 | D        | Noticed a bag of meat
     4 | D        | Noticed a bag of meat
     6 | D        | Became a worshipper of Makhleb the Destroyer
     7 | D        | Killed a meat berserker
     7 | D        | Reached XP level 2. HP: 47/47 MP: 1/1
     7 | D        | Reached XP level 3. HP: 53/53 MP: 2/2
     7 | D        | Reached XP level 4. HP: 61/61 MP: 3/3
     7 | D        | Reached XP level 5. HP: 68/68 MP: 4/4
     7 | D        | Reached XP level 6. HP: 75/75 MP: 5/5
     7 | D        | Reached XP level 7. HP: 82/82 MP: 6/6
     7 | D        | Reached XP level 8. HP: 90/90 MP: 7/7
     7 | D        | Reached XP level 9. HP: 96/96 MP: 8/8
     7 | D        | Reached XP level 10. HP: 104/104 MP: 9/9
     7 | D        | Reached XP level 11. HP: 111/111 MP: 10/10
     7 | D        | Reached XP level 12. HP: 118/118 MP: 11/11
     7 | D        | Reached XP level 13. HP: 125/125 MP: 12/12
     8 | D        | Killed a bag of meat
     8 | D        | Reached * piety under Makhleb
     8 | D        | Reached skill level 15 in Fighting
     9 | D        | Killed a bag of meat
     9 | D        | Reached XP level 14. HP: 138/138 MP: 13/13
    12 | D        | Noticed a bag of meat
    13 | D        | Noticed a bag of meat
    13 | D        | Noticed a bag of meat
    14 | D        | Killed a bag of meat
    14 | D        | Reached skill level 27 in Axes
    16 | D        | Noticed a bag of meat
    16 | D        | Noticed a meat berserker
    17 | D        | Noticed a bag of meat
    17 | D        | Killed a bag of meat
    17 | D        | Reached ** piety under Makhleb
    17 | D        | Reached skill level 15 in Throwing
    17 | D        | Reached skill level 27 in Dodging
    17 | D        | Reached XP level 15. HP: 157/157 MP: 14/14
    20 | D        | Noticed a meat berserker
    20 | D        | Killed a meat berserker
    20 | D        | Reached skill level 27 in Fighting
    20 | D        | Reached skill level 5 in Armour
    20 | D        | Reached XP level 16. HP: 176/183 MP: 15/15
    21 | D        | Noticed a meat berserker
    21 | D        | Noticed a large bag of meat
    21 | D        | Noticed a destroyer
    22 | D        | Reached *** piety under Makhleb
    23 | D        | Noticed a destroyer
    24 | D        | Killed a destroyer
    24 | D        | Reached skill level 27 in Throwing
    24 | D        | Reached XP level 17. HP: 191/191 MP: 16/16
    24 | D        | Killed a meat berserker
    24 | D        | Reached **** piety under Makhleb
    24 | D        | Reached skill level 27 in Armour
    24 | D        | Reached XP level 18. HP: 200/200 MP: 17/17
    25 | D        | Noticed a meat berserker
    26 | D        | Reached skill level 10 in Stealth
    26 | D        | Reached skill level 10 in Spellcasting
    27 | D        | Killed a meat berserker
    27 | D        | Reached skill level 15 in Stealth
    27 | D        | Reached ***** piety under Makhleb
    27 | D        | Reached XP level 19. HP: 207/207 MP: 17/35
    27 | D        | Killed a destroyer
    27 | D        | Reached skill level 15 in Spellcasting
    28 | D        | Killed a large bag of meat
    28 | D        | Reached XP level 20. HP: 216/216 MP: 17/40
    29 | D        | Noticed a meat berserker
    30 | D        | Reached skill level 27 in Unarmed Combat
    31 | D        | Killed a meat berserker
    31 | D        | Reached ****** piety under Makhleb
    31 | D        | Reached skill level 27 in Invocations
    31 | D        | Reached XP level 21. HP: 215/224 MP: 17/44
    32 | D        | Noticed a destroyer
    32 | D        | Reached skill level 27 in Stealth
    35 | D        | Noticed a destroyer
    35 | D        | Noticed a destroyer
    35 | D        | Reached skill level 27 in Spellcasting
    35 | D        | Reached XP level 22. HP: 218/233 MP: 18/52
    36 | D        | Killed a destroyer
    37 | D        | Noticed a destroyer
    38 | D        | Killed a destroyer
    38 | D        | Reached XP level 23. HP: 240/240 MP: 19/53
    38 | D        | Killed a destroyer
    38 | D        | Killed a destroyer
    39 | D        | Noticed a destroyer
    39 | D        | Reached XP level 24. HP: 249/249 MP: 19/53
    42 | D        | Noticed a destroyer
    42 | D        | Noticed a destroyer
    42 | D        | Noticed a destroyer
    43 | D        | Noticed a destroyer
    44 | D        | Killed a destroyer
    45 | D        | Killed a destroyer
    46 | D        | Killed a destroyer
    46 | D        | Reached XP level 25. HP: 257/257 MP: 21/53
    47 | D        | Noticed a destroyer
    48 | D        | Killed a destroyer
    50 | D        | Noticed a tyrant
    51 | D        | Killed a destroyer
    52 | D        | Reached XP level 26. HP: 266/266 MP: 23/53
    54 | D        | Noticed an accursed
    56 | D        | Killed a destroyer
    57 | D        | Killed a tyrant
    57 | D        | Reached XP level 27. HP: 273/273 MP: 24/53
    59 | D        | Noticed a tyrant
    59 | D        | Noticed a tyrant
    60 | D        | Noticed a destroyer
    60 | D        | Killed an accursed
    61 | D        | Noticed a destroyer
    61 | D        | Noticed a meat beast
    63 | D        | Noticed a dread
    66 | D        | Killed a meat beast
    66 | D        | Killed a tyrant
    68 | D        | Killed a destroyer
    69 | D        | Noticed a dread
    70 | D        | Killed a dread
    71 | D        | Noticed a destroyer
    72 | D        | Noticed a destroyer
    73 | D        | Killed a tyrant
    75 | D        | Killed a destroyer
    75 | D        | Killed a destroyer
    77 | D        | Killed a destroyer
    79 | D        | Noticed a meat beast
    80 | D        | Noticed a meat beast
    82 | D        | Killed a dread
    82 | D        | Killed a meat beast
    84 | D        | Killed a meat beast
    87 | D        | HP: 6/273 [bag of meat/+9 war axe (27)]
    92 | D        | Noticed a tyrant
    95 | D        | Noticed a meat beast
    98 | D        | Noticed a tyrant
    98 | D        | Noticed a tyrant
    99 | D        | Killed a meat beast
   100 | D        | Noticed a dread
   101 | D        | Noticed a destroyer
   101 | D        | Noticed an accursed
   101 | D        | Killed a tyrant
   104 | D        | Killed a tyrant
   105 | D        | Killed a destroyer
   107 | D        | Killed an accursed
   110 | D        | Killed a dread
   112 | D        | Noticed a dread
   116 | D        | Killed a dread
   117 | D        | HP: 9/273 [??? (6)]
   117 | D        | Annihilated by a meat berserker

Skill      XL: |  1  2  3  4  5  6  7  8  9 10 11 12 13 14 15 16 17 18 19 20 21 |
---------------+----------------------------------------------------------------+-----
Fighting       | 14 16 20 27 | 27.0
Axes           | 23 26 27 | 27.0
Throwing       | 11 13 15 21 27 | 27.0
Dodging        | 21 24 27 | 27.0
Armour         | 5 25 27 | 27.0
Stealth        | 16 21 25 27 | 27.0
Unarmed Combat | 19 24 27 | 27.0
Spellcasting   | 13 17 20 27 | 27.0
Invocations    | 17 22 27 | 27.0

Action                   |  1- 3 |  4- 6 |  7- 9 | 10-12 | 13-15 | 16-18 | 19-21 | 22-24 | 25-27 || total
-------------------------+-------+-------+-------+-------+-------+-------+-------+-------+-------++-------
Melee: Executioner's axe |     1 |       |       |       |     5 |     5 |     8 |     8 |    48 ||    75
  Use: Potion            |       |       |       |       |       |       |       |       |     1 ||     1
Armor: Leather armour    |       |       |       |       |       |       |       |       |     1 ||     1
Dodge: Dodged            |       |       |       |       |       |     1 |       |       |    15 ||    16
